 Dungeon Crawl Stone Soup version 0.27-a0-1084-g78b3836a5f (webtiles) character file.

Game seed: 10330661290369921448

2639 robertstho the Thaumaturge (level 9, -13/59 HPs)
             Began as a Djinni Fire Elementalist on Apr 26, 2021.
             Was an Initiate of Ashenzari.
             Killed from afar by a gargoyle (19 damage)
             ... with a stone arrow
             ... on level 7 of the Dungeon.
             The game lasted 00:14:59 (6031 turns).

robertstho the Thaumaturge (DjFE)                   Turns: 6031, Time: 00:14:59

Health: -13/59     AC:  4    Str:  7    XL:     9   Next: 61%
Gold:   374        EV: 13    Int: 21    God:    Ashenzari [......] SH:  4 Dex: 13

rFire    + + .     SeeInvis .   b - +1 dagger (elec)
rCold    x . .     Faith    .   g - +0 buckler
rNeg     . . .     Spirit   .   a - +1 robe
rPois    ∞         Reflect  .   (no helmet)
rElec    .         Harm     .   n - +0 cloak
rCorr    .         Rampage  .   (no gloves)
Will     +....                  (boots unavailable)
Stlth    ++........             i - amulet of regeneration
HPRegen  1.19/turn              c - ring of wizardry
MPRegen  0.00/turn              q - ring of willpower

@: flying
A: fire resistance 2, cold vulnerability 1, float, innate caster, hp casting,
extra vitality 1
a: Renounce Religion


You were on level 7 of the Dungeon.
You worshipped Ashenzari.
Ashenzari was noncommittal.
You visited 2 branches of the dungeon, and saw 8 of its levels.
You also visited: Ossuary.

You collected 374 gold pieces.

Inventory:

Hand Weapons
 b - a +1 dagger of electrocution (weapon)
 f - a +3 dagger
 s - a +2 dagger of holy wrath
Armour
 a - a +1 robe (worn)
 g - a +0 buckler (worn)
 n - a +0 cloak (worn)
Jewellery
 c - a ring of wizardry (left hand)
 e - a +6 ring of dexterity
 i - an amulet of regeneration (around neck)
 q - a ring of willpower (right hand)
Scrolls
 d - 2 scrolls of teleportation
 j - 5 scrolls of enchant armour
 k - a scroll of holy word
 p - 2 scrolls of summoning
 r - a scroll of blinking
 t - 2 scrolls of magic mapping
 u - a scroll of enchant weapon
 v - a scroll of fog
 y - a scroll of vulnerability
Potions
 h - 2 potions of mutation
 m - a potion of attraction
 o - a potion of berserk rage
 w - 2 potions of heal wounds


   Skills:
 + Level 2.4 Fighting
 + Level 0.1 Short Blades
 + Level 4.5 Dodging
 + Level 3.2 Stealth
 + Level 1.0 Shields
 + Level 10.0 Spellcasting


You had 2 spell levels left.
You knew the following spells:

 Your Spells              Type           Power      Damage    Failure   Level
a - Foxfire               Conj/Fire      100%       2x1d9     1%          1
b - Conjure Flame         Conj/Fire      51%        6-21      1%          3
c - Inner Flame           Hex/Fire       51%        N/A       1%          3
d - Sticky Flame          Conj/Fire      51%        2d7       1%          4
e - Fireball              Conj/Fire      25%        3d11      1%          5
f - Animate Skeleton      Necr           100%       N/A       1%          1
g - Poisonous Vapours     Pois/Air       100%       N/A       1%          2
h - Summon Guardian Gole  Hex/Summ       51%        N/A       1%          3
i - Ice Form              Ice/Tmut       51%        N/A       1%          4
Your spell library was empty.

Dungeon Overview and Level Annotations

Branches:
Dungeon (7/15)             Temple (1/1) D:7         Ossuary (visited)

Altars:
Ashenzari
Cheibriados
Dithmenos
Elyvilon
Fedhas
Gozag
Hepliaklqana
Kikubaaqudgha
Makhleb
Nemelex Xobeh
Okawaru
Qazlal
Vehumet
Wu Jian
Xom
Yredelemnul
Zin
The Shining One

Shops:
D:1 :


Innate Abilities, Weirdness & Mutations

You are immune to poison.
Your flesh is very heat resistant. (rF++)
You are vulnerable to cold. (rC-)
You float through the air rather than walking.
You learn spells naturally, not from books.
Your magical power is your life essence.
You have superior vitality. (+4 HP)


Message History

The gargoyle is moderately damaged.
The foxfire hits the gargoyle but does no damage.
The gargoyle is moderately damaged.
Your foxfire dissipates!
The gargoyle hurls a stone arrow at you.
The stone arrow hits you!!
Casting: Foxfire (safe; 1% risk of failure)
Press: ? - help, Q - select action, (/) - cycle Dir - look around, f - activate You conjure some foxfire!
The foxfire hits the gargoyle but does no damage.
The gargoyle is moderately damaged.
The foxfire hits the gargoyle.
The gargoyle is moderately damaged.
Casting: Foxfire (safe; 1% risk of failure)
Press: ? - help, Q - select action, (/) - cycle Dir - look around, f - activate You conjure some foxfire!
The foxfire hits the gargoyle but does no damage.
The gargoyle is moderately damaged.
The foxfire hits the gargoyle but does no damage.
The gargoyle is moderately damaged.
Casting: Foxfire (safe; 1% risk of failure)
Confirm with . or Enter, or press ? or * to list all spells.
Aiming: Sticky Flame (dangerous; 1% risk of failure)
Press: ? - help, Shift-Dir - straight line, f - gargoyle
Aim: a gargoyle, wielding a +2 vorpal dire flail (moderately damaged, ally target, 100% to hit)
The sticky flame hits the gargoyle but does no damage.
The gargoyle is moderately damaged.
The gargoyle is covered in liquid flames!
The gargoyle burns!
The foxfire hits the gargoyle but does no damage.
The gargoyle is heavily damaged.
The foxfire hits the gargoyle but does no damage.
The gargoyle is heavily damaged.
The gargoyle hurls a stone arrow at you.
The stone arrow hits you!!
* * * LOW HITPOINT WARNING * * *
The gargoyle burns!
The gargoyle hurls a stone arrow at you.
The stone arrow hits you!!
You die...

##.# ..#......<# . #....#
..........##.
....>####.#.#...#.##.. .
#.........#.###......#
..#........##...###.....
...........#........#...
#..)......##..>..##.....
##......#........#......
/......@.)###...##..#...
#######.......<....###.#..##...
#.|#..###...##9......#.#.###...
#.l....####..............###..#
#.##.#...#####.........#.......#
#v#
#.##...######................ .#
.####.9......##.........#'### #
.# #...######...........#.#.# .#
#...#####............##.#'#


You could see a gargoyle (burning).

Vanquished Creatures
  Grinder (D:3)
  Sigmund (D:2)
  Eustachio (D:4)
  Menkaure (D:4)
  Edmund (D:5)
  An ice beast (D:7)
  2 orc warriors
  A sky beast (D:7)
  A black bear (D:7)
  A phantom (D:4)
  2 elf skeletons (D:7)
  3 elf zombies
  3 scorpions
  2 howler monkeys
  2 centaur zombies (Ossuary)
  Crazy Yiuf (D:3)
  A human zombie (Ossuary)
  An orc priest (D:4)
  4 hounds
  2 centaur skeletons (D:7)
  A human skeleton (D:7)
  Jessica (D:2)
  A bullfrog skeleton (D:4)
  Ijyb (D:3)
  5 orc wizards
  2 hound skeletons (D:4)
  2 mummies (Ossuary)
  7 adders
  A white imp (D:6)
  An ufetubus (D:5)
  2 adder zombies (Ossuary)
  2 worms
  2 dart slugs
  11 orcs
  8 ball pythons
  7 endoplasms
  3 giant cockroaches
  7 hobgoblins
  9 jackals
  8 kobolds
  A quokka (D:3)
  2 bats
  2 frilled lizards (D:2)
  4 goblins
  2 goblin zombies (Ossuary)
  10 hobgoblin zombies (Ossuary)
  7 kobold zombies (Ossuary)
  5 orc skeletons (D:7)
  12 orc zombies (Ossuary)
  2 rats (D:1)
160 creatures vanquished.

Vanquished Creatures (others)
  759 foxfires
759 creatures vanquished.

Grand Total: 919 creatures vanquished

Notes
Turn   | Place    | Note
-------+----------+-------------------------------------------
     0 | D:1      | robertstho the Djinni Fire Elementalist began the quest for
                  | the Orb.
     0 | D:1      | Reached XP level 1. HP: 15/15 MP: 0/0
   364 | D:1      | Found Obregg's Book Boutique.
   374 | D:1      | Reached skill level 3 in Spellcasting
   452 | D:1      | Reached XP level 2. HP: 16/21 MP: 0/0
   587 | D:1      | You are sucked into a shaft and drop 1 floor!
   607 | D:2      | Reached XP level 3. HP: 4/25 MP: 0/0
   607 | D:2      | Learned a level 1 spell: Animate Skeleton
  1175 | D:2      | Noticed Sigmund
  1191 | D:2      | Killed Sigmund
  1192 | D:2      | Reached skill level 4 in Spellcasting
  1192 | D:2      | Reached XP level 4. HP: 21/31 MP: 0/0
  1192 | D:2      | Reached XP level 5. HP: 24/35 MP: 0/0
  1192 | D:2      | Learned a level 2 spell: Poisonous Vapours
  1519 | D:2      | Noticed Jessica
  1522 | D:2      | Killed Jessica
  1523 | D:2      | Reached XP level 6. HP: 32/40 MP: 0/0
  1890 | D:1      | Reached skill level 5 in Spellcasting
  2811 | D:3      | Noticed Ijyb
  2818 | D:3      | Killed Ijyb
  2819 | D:3      | Reached skill level 1 in Fighting
  2891 | D:3      | Noticed Grinder
  2891 | D:3      | Paralysed by Grinder for 6 turns
  2905 | D:3      | Killed Grinder
  2906 | D:3      | Reached skill level 6 in Spellcasting
  2906 | D:3      | Reached XP level 7. HP: 39/47 MP: 0/0
  2906 | D:3      | Learned a level 3 spell: Summon Guardian Golem
  3141 | D:3      | Found a runed translucent door.
  3142 | D:3      | Noticed Crazy Yiuf
  3469 | D:3      | Killed Crazy Yiuf
  3946 | D:4      | Reached skill level 7 in Spellcasting
  3946 | D:4      | Reached XP level 8. HP: 52/52 MP: 0/0
  3965 | D:4      | Noticed Eustachio
  3989 | D:4      | Killed Eustachio
  4003 | D:4      | Noticed Menkaure
  4009 | D:4      | Killed Menkaure
  4280 | D:5      | Entered Level 5 of the Dungeon
  4366 | D:5      | Noticed Edmund
  4374 | D:5      | Killed Edmund
  4375 | D:5      | Reached skill level 8 in Spellcasting
  4612 | D:5      | Found an iron altar of Okawaru.
  4612 | D:5      | Found a stormy altar of Qazlal.
  5007 | D:6      | Reached XP level 9. HP: 58/58 MP: 0/0
  5007 | D:6      | Learned a level 4 spell: Ice Form
  5274 | D:7      | Reached skill level 9 in Spellcasting
  5393 | D:7      | Found a sand-covered staircase.
  5403 | Ossuary  | Entered an ossuary
  5610 | Ossuary  | Reached skill level 1 in Shields
  5720 | D:7      | Found a staircase to the Ecumenical Temple.
  5731 | Temple   | Entered the Ecumenical Temple
  5917 | Temple   | Became a worshipper of Ashenzari the Shackled
  5954 | D:7      | Reached skill level 10 in Spellcasting
  6001 | D:7      | Noticed a gargoyle
  6031 | D:7      | Killed from afar by a gargoyle

Illustrated notes

Levels and vault maps discovered:
D:1:      lightli_arrival_chessboard, layout_loops_cross, serial_shops, shop,
          due_unseen_surprise
D:2:      layout_basic, uniq_jessica, uniq_sigmund
D:3:      layout_basic, uniq_grinder, uniq_ijyb, uniq_crazy_yiuf_cottage
D:4:      layout_cave_pools, uniq_eustachio, uniq_menkaure
D:5:      layout_cave_pools, gammafunk_temple_overflow_pools, uniq_edmund
D:6:      layout_cave_pools
D:7:      minmay_the_grid_four_pointed_star
          [minmay_the_grid_triangle_9x9_longest,
          minmay_the_grid_triangle_9x9_fully_insulated_deathbox,
          minmay_the_grid_triangle_9x9_empty,
          minmay_the_grid_triangle_9x9_sprig,
          minmay_the_grid_prize_four_corners_diamond_b], layout_cave_pools,
          eat_drink_and_be_merry_uskayaw, minmay_temple_entry_slanted,
          nicolae_ossuary_entry_catacombs, chequers_serial_rivers_large_b,
          minmay_misc_feat_tiny, uniq_pikel
Temple:   nicolae_temple_elliptical

Skill      XL: |  1  2  3  4  5  6  7  8  9 |
---------------+----------------------------+-----
Spellcasting   | 3 4 6 7 8 10 | 10.0
Stealth        | 2 3 |  3.2
Dodging        | 3 4 |  4.5
Fighting       | 1 2 |  2.4
Shields        | 1 |  1.0
Short Blades   | |  0.1

Action                   |  1- 3 |  4- 6 |  7- 9 || total
-------------------------+-------+-------+-------++-------
Melee: Dagger            |       |       |    25 ||    25
 Cast: Foxfire           |    37 |    78 |   337 ||   452
       Animate Skeleton  |     2 |       |       ||     2
       Sticky Flame      |       |       |    16 ||    16
  Use: Scroll            |       |     4 |     4 ||     8
 Stab: Sleeping          |       |       |     2 ||     2
Armor: Robe              |     2 |     1 |    25 ||    28
Dodge: Dodged            |     7 |     5 |    47 ||    59
Block: Buckler           |       |     2 |    10 ||    12

Table legend: (Time is in decaauts)
 A = Elapsed time spent in this place.
 B = Non-inter-level travel time spent in this place.
 C = Inter-level travel time spent in this place.
 D = Time resting spent in this place.
 E = Time spent auto-exploring this place.
 F = Levels seen in this place.
 G = Mean time per level.
                   A        B        C        D        E       F      G
               +--------+--------+--------+--------+--------+-----+--------+
         Total |   6037 |   5844 |    193 |    259 |   4555 |   9 |  670.8 |
       Dungeon |   5536 |   5388 |    148 |    252 |   4253 |   7 |  790.9 |
        Temple |    202 |    158 |     44 |      0 |    157 |   1 |  202.0 |
       Ossuary |    297 |    297 |      0 |      7 |    145 |   1 |  297.0 |
               +--------+--------+--------+--------+--------+-----+--------+

Top non-repeatable levels by time:
     D:2: 1271 daAuts
     D:1: 1136 daAuts
     D:3: 1105 daAuts
     D:4: 771 daAuts
     D:5: 537 daAuts
     D:6: 420 daAuts
 Ossuary: 297 daAuts
     D:7: 292 daAuts
  Temple: 202 daAuts
